 Dungeon Crawl Stone Soup version 0.30-a0-634-g8abc85282e (webtiles) character file.

Game seed: 1535833356815152853

22 pokeman the Magician (level 2, -1/16 HPs)
             Began as a Deep Elf Hedge Wizard on Jan 15, 2023.
             Slain by a kobold
             ... wielding a +0 club
              (3 damage)
             ... on level 2 of the Dungeon.
             The game lasted 00:01:19 (1274 turns).

pokeman the Magician (Deep Elf Hedge Wizard)        Turns: 1274, Time: 00:01:20

Health: -1/16      AC:  2    Str:  7    XL:     2   Next: 68%
Magic:  0/10       EV: 12    Int: 18    God:
Gold:   49         SH:  0    Dex: 14    Spells: 10/11 levels left

rFire   . . .      SeeInvis .    a - +0 dagger
rCold   . . .      Faith    .    (no shield)
rNeg    . . .      Spirit   .    b - +0 robe
rPois   .          Reflect  .    c - +0 hat
rElec   .          Harm     .    (no cloak)
rCorr   .          Rampage  .    (no gloves)
Will    +....                    (no boots)
Stlth   ++                       (no amulet)
HPRegen 0.22/turn                g - ring of willpower
MPRegen 0.12/turn                (no ring)

@: very slightly contaminated
A: no striking features
a: no special abilities


You were on level 2 of the Dungeon.
You visited 1 branch of the dungeon, and saw 2 of its levels.

You collected 49 gold pieces.

Inventory:

Hand Weapons
 a - a +0 dagger (weapon)
Armour
 b - a +0 robe (worn)
 c - a +0 hat (worn)
Jewellery
 g - a ring of willpower (left hand)
Scrolls
 e - a scroll of fear {unknown}
 h - a scroll of blinking {unknown}
Potions
 d - a potion of magic
 f - 2 potions of degeneration {unknown}


   Skills:
 + Level 0.6 Fighting
 + Level 0.6 Armour
 - Level 2.4 Dodging
 - Level 2.4 Stealth
 * Level 5.0 Spellcasting
 + Level 1.6 Conjurations
 - Level 1.1 Summonings
 - Level 1.1 Translocations


You had 10 spell levels left.
You knew the following spells:

 Your Spells              Type           Power      Damage    Failure   Level
a - Magic Dart            Conj           40%        1d5       7%          1

Your spell library contained the following spells:

 Spells                   Type           Power      Damage    Failure   Level
 Freeze                   Ice            16%        1d4       13%         1
 Sandblast                Erth           8%         2d5       13%         1
 Slow                     Hex            16%        N/A       13%         1
 Blink                    Tloc           16%        N/A       13%         2
 Call Imp                 Summ           8%         N/A       13%         2
 Cigotuvi's Dreadful Rot  Necr/Pois/Air  8%         N/A       21%         2
 Passwall                 Tmut/Erth      3%         N/A       21%         2
 Hailstorm                Conj/Ice       7%         3d4       28%         3
 Stone Arrow              Conj/Erth      14%        3d7       28%         3
 Mephitic Cloud           Conj/Pois/Air  6%         N/A       32%         3
 Frozen Ramparts          Ice            8%         1d2       36%         3


Dungeon Overview and Level Annotations

Branches:
Dungeon (2/15)

Altars:

Annotations:
D:2 Jessica


Message History

Confirm with . or Enter, or press ? or * to list all spells.
Aiming: Magic Dart (safe; 7% risk of failure)
Press: ? - help, Shift-Dir - straight line, f/p - Jessica
Aim: Jessica, wielding a +0 dagger and wearing a +2 robe of willpower (moderately wounded, 100% to hit)
The magic dart hits Jessica but does no damage.
Jessica is moderately wounded.
Jessica barely misses you.
Casting: Magic Dart (safe; 7% risk of failure)
Confirm with . or Enter, or press ? or * to list all spells.
You don't have enough magic to cast this spell.
Unknown command.
Casting: Magic Dart (safe; 7% risk of failure)
Confirm with . or Enter, or press ? or * to list all spells.
You don't have enough magic to cast this spell.
Unknown command.
Casting: Magic Dart (safe; 7% risk of failure)
Confirm with . or Enter, or press ? or * to list all spells.
You don't have enough magic to cast this spell.
Unknown command.
You closely miss Jessica.
Jessica is moderately wounded.
The kobold throws a stone.
The stone barely misses you. Jessica hits you with a +0 dagger.
You closely miss Jessica.
Jessica is moderately wounded.
The kobold throws a stone.
The stone completely misses you. Jessica hits you with a +0 dagger.
You hit Jessica but do no damage.
Jessica is moderately wounded.
Jessica closely misses you.
You hit Jessica.
Jessica is heavily wounded.
The kobold hits you with a +0 club.
Jessica shouts, "You're disturbing me!
I'll have to kill you!" Jessica hits you with a +0 dagger.
* * * LOW HITPOINT WARNING * * *
You barely miss Jessica.
Jessica is heavily wounded.
The kobold hits you with a +0 club.
You die...

#.........#
#.........##
#.......... #
#........)##.#
#...?........#
#.............
#.....K...#
#....†@@..#
###########


You could see Jessica and a kobold.

Vanquished Creatures
  3 endoplasms (D:1)
  A hobgoblin (D:1)
  A quokka (D:1)
  6 ball pythons
  A frilled lizard (D:1)
  2 goblins (D:1)
  6 kobolds
  3 rats
23 creatures vanquished.

Notes
Turn   | Place    | Note
-------+----------+-------------------------------------------
     0 | D:1      | pokeman the Deep Elf Hedge Wizard began the quest for the
                  | Orb.
     0 | D:1      | Reached XP level 1. HP: 10/10 MP: 7/7
   415 | D:1      | Reached XP level 2. HP: 16/16 MP: 6/9
  1258 | D:2      | Noticed Jessica
  1265 | D:2      | Reached skill level 5 in Spellcasting
  1274 | D:2      | Slain by a kobold

Illustrated notes

Levels and vault maps discovered:
D:1:      wheals_arrival_linesprint, layout_basic, minmay_statues_item,
          minmay_misc_feat_ornament, minmay_pentomino_u2
D:2:      layout_rooms, serial_shops, nicolae_shop_stone,
          ebering_ecumenical_altar_webs, uniq_jessica

Skill      XL: |  1  2 |
---------------+-------+-----
Spellcasting   | 5 |  5.0
Fighting       | |  0.6
Armour         | |  0.6
Dodging        | |  2.4
Stealth        | |  2.4
Conjurations   | |  1.6
Summonings     | |  1.1
Translocations | |  1.1

Action                   || total
-------------------------++-------
Melee: Dagger            ||     7
 Cast: Magic Dart        ||    60
Armor: Robe              ||     1
Dodge: Dodged            ||    10

Table legend: (Time is in decaauts)
 A = Elapsed time spent in this place.
 B = Non-inter-level travel time spent in this place.
 C = Inter-level travel time spent in this place.
 D = Time resting spent in this place.
 E = Time spent auto-exploring this place.
 F = Levels seen in this place.
 G = Mean time per level.
                   A        B        C        D        E       F      G
               +--------+--------+--------+--------+--------+-----+--------+
         Total |   1273 |   1227 |     46 |      2 |   1120 |   2 |  636.5 |
       Dungeon |   1273 |   1227 |     46 |      2 |   1120 |   2 |  636.5 |
               +--------+--------+--------+--------+--------+-----+--------+

Top non-repeatable levels by time:
     D:1: 1257 daAuts
     D:2: 15 daAuts
